 Dungeon Crawl Stone Soup version 0.31-a0-700-gf13585253f (webtiles) character file.

Game seed: 6908187340622647871

499 randomguy2701 the Chopper (level 7, 0/61 HPs)
             Began as a Hill Orc Fighter on Sept 8, 2023.
             Slain by an ufetubus (2 damage)
             ... on level 4 of the Dungeon.
             The game lasted 00:04:02 (3231 turns).

randomguy2701 the Chopper (Hill Orc Fighter)        Turns: 3231, Time: 00:04:02

Health: 0/61       AC:  7    Str: 19    XL:     7   Next: 16%
Magic:  7/7        EV:  9    Int:  8    God:
Gold:   170        SH:  4    Dex: 12    Spells: 6/6 levels left

rFire   + . .        a - +0 war axe
rCold   x . .        c - +0 buckler
rNeg    . . .        b - +0 scale mail
rPois   .            (no helmet)
rElec   .            (no cloak)
rCorr   +            (no gloves)
SInv    .            (no boots)
Will    .....        (no amulet) Stlth
                     i - ring of resist corrosion
HPRegen 0.30/turn    y - ring of fire
MPRegen 0.10/turn

%: no passive effects
@: no status effects
A: no striking features
a: no special abilities


You were on level 4 of the Dungeon.
You visited 1 branch of the dungeon, and saw 4 of its levels.
You also visited: Sewer.

You collected 170 gold pieces.

Inventory:

Hand Weapons
 a - a +0 war axe (weapon)
Armour
 b - a +0 scale mail (worn)
 c - a +0 buckler (worn)
Jewellery
 i - a ring of resist corrosion (left hand)
 y - a ring of fire (right hand)
Wands
 k - a wand of paralysis (8)
 t - a wand of acid (7)
Scrolls
 d - a scroll of revelation {unknown}
 e - 4 scrolls of identify {unknown}
 f - a scroll of immolation {unknown}
 g - a scroll of enchant weapon {unknown}
 m - 2 scrolls of enchant armour {unknown}
 p - a scroll of fear {unknown}
 q - a scroll of silence {unknown}
 s - a scroll of amnesia {unknown}
 w - a scroll of teleportation {unknown}
 x - a scroll of noise {unknown}
Potions
 h - a potion of berserk rage {unknown}
 j - 2 potions of curing {unknown}
 l - 2 potions of enlightenment {unknown}
 n - a potion of brilliance {unknown}
 o - a potion of mutation {unknown}
 r - a potion of invisibility {unknown}
 u - a potion of attraction {unknown}
 v - a potion of magic {unknown}


   Skills:
 + Level 5.0 Fighting
 + Level 7.0 Axes
 + Level 5.2 Armour
 + Level 0.9 Dodging
 + Level 0.3 Stealth
 + Level 3.7 Shields


You had 6 spell levels left.
You didn't know any spells.
Your spell library contained the following spells:

 Spells                   Type           Power      Damage    Failure   Level
 Inner Flame              Hex/Fire       0%         N/A       99%         3
 Summon Guardian Golem    Hex/Summ       0%         N/A       99%         3
 Flame Wave               Conj/Fire      0%         2d4       100%        4
 Sticky Flame             Conj/Fire      0%         2d3       100%        4
 Orb of Destruction       Conj           0%         9d5       100%        7
 Spellforged Servitor     Conj/Summ      0%         N/A       100%        7


Dungeon Overview and Level Annotations

Branches:
Dungeon (4/15)              Sewer (visited)
 Temple: D:4-7

Altars:
Gozag
Nemelex Xobeh

Shops:
D:1 =

Annotations:
D:2 1 runed translucent door, Crazy Yiuf


Message History

You are too injured to fight recklessly!
You are too injured to fight recklessly!
You are too injured to fight recklessly!
You are too injured to fight recklessly!
You are too injured to fight recklessly!
You are too injured to fight recklessly!
You are too injured to fight recklessly!
You are too injured to fight recklessly!
You are too injured to fight recklessly!
You are too injured to fight recklessly!
You are too injured to fight recklessly!
Unknown command.
You closely miss the bullfrog.
The bullfrog is almost dead.
You closely miss the ufetubus. You hit the bullfrog but do no damage.
The ufetubus hits you but does no damage. x2
The bullfrog barely misses you. x2
You slash the bullfrog!
You kill the bullfrog!
You miss the ufetubus. You closely miss the bullfrog. The ufetubus hits you.
The ufetubus hits you but does no damage.
The bullfrog hits you!
* * * LOW HITPOINT WARNING * * *
The ufetubus barely misses you. x2; The bullfrog hits you.
* * * LOW HITPOINT WARNING * * *
Your Fighting skill increases to level 5!
Your Axes skill increases to level 7!
You completely miss the bullfrog.
The bullfrog is heavily wounded.
You closely miss the ufetubus. The ufetubus hits you.
* * * LOW HITPOINT WARNING * * *
You block the ufetubus's attack. The bullfrog hits you.
* * * LOW HITPOINT WARNING * * *
The ufetubus misses you. You block the ufetubus's attack.
The bullfrog hits you.
* * * LOW HITPOINT WARNING * * *
You hit the bullfrog.
The bullfrog is heavily wounded.
You hit the ufetubus. The ufetubus closely misses you. The ufetubus hits you.
You die...

#..... ..... #...#
....#
######...####....#
..................
.......<..........
..........?.......
..!...............
..###...##5##.....
. #...##@# ###.
.......F†......
................
.................
.................
...............
...............
####.##...#####


You could see a bullfrog and an ufetubus.

Vanquished Creatures
  Sigmund (D:2)
  An ogre (D:3)
  A bullfrog (D:4)
  A hell rat (Sewer)
  3 gnolls
  2 adders (D:3)
  2 river rats (Sewer)
  5 worms
  2 orcs (D:3)
  8 ball pythons
  9 endoplasms
  4 giant cockroaches
  11 goblins
  5 hobgoblins
  4 jackals (D:1)
  9 kobolds
  5 quokkas
  5 bats
  A frilled lizard (D:1)
  7 rats
86 creatures vanquished.

Notes
Turn   | Place    | Note
-------+----------+-------------------------------------------
     0 | D:1      | randomguy2701 the Hill Orc Fighter began the quest for the
                  | Orb.
     0 | D:1      | Reached XP level 1. HP: 19/19 MP: 1/1
    95 | D:1      | Found Byehit's Jewellery Emporium.
   160 | D:1      | Reached skill level 3 in Axes
   160 | D:1      | Reached XP level 2. HP: 27/27 MP: 2/2
   447 | D:1      | Reached XP level 3. HP: 24/33 MP: 3/3
   542 | D:1      | Found a faded altar of an unknown god.
  1243 | D:3      | Reached skill level 4 in Axes
  1253 | D:3      | Reached XP level 4. HP: 35/40 MP: 4/4
  1291 | D:3      | Found a glowing drain.
  1365 | D:3      | Found an opulent altar of Gozag.
  1459 | Sewer    | Entered a sewer
  1557 | Sewer    | Reached skill level 5 in Axes
  1557 | Sewer    | Reached XP level 5. HP: 26/47 MP: 5/5
  1738 | D:3      | Found a sparkling altar of Nemelex Xobeh.
  2105 | D:3      | Noticed an ogre
  2515 | D:2      | Noticed Sigmund
  2522 | D:2      | Killed Sigmund
  2523 | D:2      | Reached skill level 6 in Axes
  2523 | D:2      | Reached XP level 6. HP: 49/55 MP: 6/6
  2826 | D:2      | Found a runed translucent door.
  2827 | D:2      | Noticed Crazy Yiuf
  3015 | D:3      | Reached skill level 5 in Armour
  3016 | D:3      | Reached XP level 7. HP: 29/60 MP: 7/7
  3230 | D:4      | Reached skill level 5 in Fighting
  3230 | D:4      | Reached skill level 7 in Axes
  3230 | D:4      | HP: 2/61 [bullfrog (2)]
  3231 | D:4      | Slain by an ufetubus

Illustrated notes

Levels and vault maps discovered:
D:1:      tarquinn_simple_flora_water_c, layout_basic,
          hellmonk_ecumenical_altar_dog_temple, serial_shops, shop
D:2:      layout_basic, uniq_crazy_yiuf_cottage, uniq_sigmund
D:3:      layout_loops_cross, nicolae_gozag_seed_capital,
          nemelex_dance_club_becter, cheibrodos_sewer_entry_sluice,
          kennysheep_generic_room_6
D:4:      corexii_shack_village, layout_gridville, fedhas_altar_2

Skill      XL: |  1  2  3  4  5  6  7 |
---------------+----------------------+-----
Axes           | 3 4 5 6 7 |  7.0
Fighting       | 4 5 |  5.0
Armour         | 4 5 |  5.2
Dodging        | |  0.9
Stealth        | |  0.3
Shields        | |  3.7

Action                     |  1- 3 |  4- 6 |  7- 9 || total
---------------------------+-------+-------+-------++-------
  Melee: War axe           |    99 |   121 |    10 ||   230
    Use: Potion            |       |     1 |       ||     1
 Armour: Scale mail        |   100 |    67 |    25 ||   192
  Dodge: Dodged            |    42 |    51 |    13 ||   106
  Block: Buckler           |    32 |    21 |     8 ||    61

Table legend: (Time is in decaauts)
 A = Elapsed time spent in this place.
 B = Non-inter-level travel time spent in this place.
 C = Inter-level travel time spent in this place.
 D = Time resting spent in this place.
 E = Time spent auto-exploring this place.
 F = Levels seen in this place.
 G = Mean time per level.
                   A        B        C        D        E       F      G
               +--------+--------+--------+--------+--------+-----+--------+
         Total |   3317 |   3186 |    131 |     44 |   2555 |   5 |  663.4 |
       Dungeon |   3105 |   2974 |    131 |     44 |   2401 |   4 |  776.2 |
         Sewer |    212 |    212 |      0 |      0 |    153 |   1 |  212.0 |
               +--------+--------+--------+--------+--------+-----+--------+

Top non-repeatable levels by time:
     D:3: 1096 daAuts
     D:1: 1040 daAuts
     D:2: 954 daAuts
   Sewer: 212 daAuts
     D:4: 14 daAuts
